 Dungeon Crawl Stone Soup version 0.23.2 (webtiles) character file.

Game seed: 9840242606884363952

219 Marnok the Twirler (level 5, -1/40 HPs)
             Began as a Demonspawn Gladiator on Apr 5, 2019.
             Was an Initiate of Qazlal.
             Slain by a worker ant (3 damage)
             ... on level 3 of the Dungeon.
             The game lasted 00:07:25 (3606 turns).

Marnok the Twirler (Demonspawn Gladiator)           Turns: 3606, Time: 00:07:26

Health: -1/40      AC:  5    Str: 15    XL:     5   Next: 64%
Magic:  5/5        EV: 13    Int:  9    God:    Qazlal [......]
Gold:   197        SH:  0    Dex: 15    Spells: 4/4 levels left

rFire    . . .     SeeInvis .   a - +0 quarterstaff
rCold    . . .     Gourm    .   (shield currently unavailable)
rNeg     . . .     Faith    .   b - +1 leather armour
rPois    .         Spirit   .   c - +0 helmet
rElec    .         Reflect  .   (no cloak)
rCorr    .         Harm     .   (no gloves)
MR       .....                  (no boots)
Stlth    +.........             q - amulet of magic regeneration
HPRegen  0.13/turn              (no ring)
MPRegen  0.34/turn              (no ring)

@: lethally poisoned (-1 -> -5), hasted, lightly drained, very quick
A: demonic guardian 1
a: Renounce Religion


You were on level 3 of the Dungeon.
You worshipped Qazlal.
Qazlal was noncommittal.
You were not hungry.

You visited 1 branch of the dungeon, and saw 4 of its levels.

You collected 197 gold pieces.

Inventory:

Hand Weapons
 a - a +0 quarterstaff (weapon)
Missiles
 d - 3 throwing nets (quivered)
Armour
 b - a +1 leather armour (worn)
 c - a +0 helmet (worn)
Jewellery
 j - an uncursed ring of wizardry {unknown}
 q - an amulet of magic regeneration (around neck)
Wands
 i - a wand of flame (21)
Scrolls
 h - 6 scrolls of identify {unknown}
 k - a scroll of blinking {unknown}
 n - a scroll of remove curse {unknown}
Potions
 p - a potion of cancellation
Comestibles
 f - 8 rations


   Skills:
 + Level 2.8 Fighting
 + Level 4.3 Staves
 + Level 1.8 Throwing
 + Level 1.8 Armour
 + Level 3.5 Dodging
 + Level 0.8 Stealth


You had 4 spell levels left.
You didn't know any spells.
Your spell library was empty.

Dungeon Overview and Level Annotations

Branches:
Dungeon (4/15)
 Temple: D:4-7

Altars:
Dithmenos
Makhleb
Okawaru
Qazlal
Trog
Xom


Innate Abilities, Weirdness & Mutations

A weak demonic guardian rushes to your aid.


Message History

There is a stone staircase leading down here.
The jackal bites you but does no damage.
The worker ant closely misses you.
As you read the scroll labeled IXZUNY MYENUQA, it crumbles to dust.
It is a scroll of enchant armour.
Your +0 leather armour glows green for a moment.
* * * LOW HITPOINT WARNING * * *
You feel sick. The worker ant misses you. The jackal closely misses you.
You closely miss the jackal. The worker ant closely misses you.
The jackal barely misses you.
You closely miss the jackal.
* * * LOW HITPOINT WARNING * * *
You feel sick.
The worker ant bites you but does no damage.
The jackal bites you but does no damage.
You sock the jackal!
You kill the jackal!
Qazlal accepts your kill. The worker ant bites you.
You die...

#.#####.###...........
#.######.#.##...###...
#.#.......##..###8###.
#.........###.#._._.##
#.#.#.#...# ####...##
#.........# ###≈.≈#
#.#.#...#.# #.##'##
#.#.##..#.# ##'#..#
#.#w†@....###....#####
#...a...####.....###.<
####.#.####.......##.#
##....###.....>...#.#
#.......'.........'..
##....###.........#.#
##.#.# ##.......##.#
###.# ##.....###.#
#####.# ##...## #..


You could see a worm and a worker ant.

Vanquished Creatures
  Natasha (D:2)
  Robin (D:2)
  4 gnolls (D:3)
  3 adders
  3 oozes
  4 worms
  A leopard gecko (D:2)
  4 orcs (D:3)
  7 bats
  A giant cockroach (D:2)
  15 goblins
  11 hobgoblins
  9 jackals
  A quokka (D:2)
  A ball python (D:3)
  A frilled lizard (D:2)
  5 kobolds
  5 rats
77 creatures vanquished.

Vanquished Creatures (collateral kills)
  A hound (D:4)
  An adder (D:4)
  A dart slug (D:2)
  A goblin (D:2)
  A jackal (D:4)
  A rat (D:2)
6 creatures vanquished.

Grand Total: 83 creatures vanquished

Notes
Turn   | Place    | Note
-------+----------+-------------------------------------------
     0 | D:1      | Marnok the Demonspawn Gladiator began the quest for the
                  | Orb.
     0 | D:1      | Reached XP level 1. HP: 16/16 MP: 1/1
   182 | D:1      | Gained mutation: A weak demonic guardian rushes to your
                  | aid. [demonic ancestry]
   182 | D:1      | Reached XP level 2. HP: 18/22 MP: 2/2
   459 | D:1      | Reached skill level 3 in Staves
  1109 | D:2      | Reached skill level 1 in Armour
  1109 | D:2      | Reached XP level 3. HP: 26/27 MP: 3/3
  1178 | D:2      | Noticed Robin
  1193 | D:2      | Killed Robin
  1437 | D:2      | Reached XP level 4. HP: 30/33 MP: 4/4
  1811 | D:2      | Found a shimmering altar of Xom.
  1811 | D:2      | Found a burning altar of Makhleb.
  1994 | D:2      | Noticed Natasha
  2017 | D:2      | Killed Natasha
  2259 | D:3      | Found a stormy altar of Qazlal.
  2571 | D:3      | Reached skill level 4 in Staves
  2571 | D:3      | Reached XP level 5. HP: 17/39 MP: 5/5
  2817 | D:3      | Found a shadowy altar of Dithmenos.
  2950 | D:3      | Became a worshipper of Qazlal Stormbringer
  3233 | D:3      | Found a bloodstained altar of Trog.
  3234 | D:3      | Found an iron altar of Okawaru.
  3605 | D:3      | HP: 2/40 [poisoned by a worker ant]
  3606 | D:3      | Slain by a worker ant

Skill      XL: |  1  2  3  4 |
---------------+-------------+-----
Dodging        | 3 |  3.5
Staves         | 3 4 |  4.3
Armour         | 1 |  1.8
Fighting       | |  2.8
Throwing       | |  1.8
Stealth        | |  0.8

Action                   |  1- 3 |  4- 6 || total
-------------------------+-------+-------++-------
Melee: Quarterstaff      |   107 |   129 ||   236
  Use: Potion            |     2 |     8 ||    10
       Scroll            |       |     1 ||     1
 Stab: Sleeping          |     1 |       ||     1
       Distracted        |       |     3 ||     3
  Eat: Chunk             |     2 |     5 ||     7
       Ration            |       |     1 ||     1
Armor: Leather armour    |    26 |    37 ||    63
       Skin              |       |     1 ||     1
Dodge: Dodged            |    84 |    88 ||   172
